Map: Acid Plant LE

Players

Serral - Winner!

  • Race: Zerg Zerg
  • Spawn Location: 11:00

Rogue

  • Race: Zerg Zerg
  • Spawn Location: 5:00

Event: 2018 WCS Global Finals

VOD

Have the link to the VOD?

Description

Time

  • Played on: Nov. 3, 2018, 5:18 p.m.
  • Length: 10:34

All games in this series

Show
View Real Time Build Order
Export as new Build Order

Serral Zerg - Winner!

Build Orders: Hatch First 

Get SALT Encoding   

  12  0:00  Drone  
  13  0:12  Overlord  
  13  0:17  Drone  
  14  0:30  Drone  
  14  0:31  Drone  
  16  0:48  Hatchery  
  15  0:51  Drone  
  15  0:54  Drone  
  17  0:58  Drone  
  18  1:09  Extractor  
  17  1:13  Spawning Pool  
  17  1:16  Drone  
  17  1:20  Drone  
  18  1:27  Drone  
  19  1:38  Drone  
  20  1:49  Overlord  
  20  1:59  Queen  
  20  2:00  Queen  
  24  2:03  Drone x2  
  26  2:09  Metabolic Boost  
  26  2:12  Drone x2  
  28  2:22  Drone x2  
  30  2:33  Hatchery  
  29  2:37  Zergling x2  
  29  2:38  Zergling x2  
  31  2:50  Baneling Nest  
  31  2:51  Drone, Overlord  
  31  2:53  Drone  
  31  2:55  Drone  
  33  3:05  Drone x2  
  35  3:08  Zergling x2  
  35  3:09  Drone x3  
  39  3:17  Overlord  
  39  3:18  Zergling x4  
  41  3:21  Drone  
  42  3:33  Overlord  
  42  3:34  Drone  
  42  3:39  Drone  
  42  3:41  Queen  
  45  3:42  Drone x2  
  45  3:47  Zergling x4  
  49  3:49  Drone x2  
  49  3:51  Drone  
  49  3:53  Baneling  
  49  3:54  Baneling, Evolution Chamber, Zergling x4  
  53  3:56  Baneling x2  
  53  3:58  Zergling x2  
  54  4:04  Zergling x4  
  56  4:11  Overlord  
  56  4:12  Drone x3  
  56  4:13  Drone  
  56  4:16  Baneling  
  60  4:21  Zerg Missile Weapons Level 1  
  60  4:22  Extractor  
  60  4:23  Extractor, Roach Warren  
  57  4:24  Zergling x2  
  57  4:25  Zergling x2  
  57  4:29  Zergling x6  
  62  4:32  Drone x2  
  64  4:42  Overlord  
  64  4:44  Drone x2  
  65  4:47  Drone  
  65  4:49  Lair  
  65  4:52  Overlord  
  66  4:53  Drone x3  
  66  4:58  Drone  
  66  4:59  Drone  
  71  5:01  Drone  
  71  5:02  Drone x2  
  71  5:04  Overlord  
  74  5:07  Drone  
  74  5:10  Drone  
  76  5:16  Drone  
  76  5:20  Drone x2, Extractor x2  
  76  5:21  Extractor  
  75  5:25  Overlord  
  75  5:33  Roach x4  
  75  5:34  Roach x2  
  85  5:35  Pneumatized Carapace  
  85  5:37  Drone x4  
  89  5:48  Roach x2  
  89  5:49  Overseer, Roach  
  95  5:51  Glial Reconstitution  
  95  5:53  Drone, Unknown  
  95  5:55  Overlord  
  96  6:00  Overlord  
  96  6:02  Roach x3  
  100  6:08  Drone x2  
  100  6:09  Drone x3  
  105  6:11  Overlord  
  105  6:12  Overlord x2  
  105  6:18  Overlord  
  105  6:20  Overlord  
  105  6:21  Zerg Missile Weapons Level 2  
  105  6:24  Evolution Chamber  
  104  6:27  Drone x2  
  104  6:28  Drone, Roach  
  104  6:29  Roach  
  111  6:37  Roach x2  
  115  6:40  Unknown  
  115  6:43  Roach x6  
  127  6:51  Zerg Ground Armor Level 1  
  127  6:54  Hatchery  
  127  6:58  Overlord  
  126  7:02  Roach x4  
  126  7:04  Overseer  
  134  7:10  Roach  
  134  7:11  Roach x3  
  142  7:18  Roach x5  
  152  7:24  Ravager x4  
  152  7:29  Roach x4  
  164  7:34  Overlord  
  164  7:35  Tunneling Claws  
  164  7:36  Burrow  
  164  7:40  Roach x3  
  170  7:47  Overlord x3  
  170  7:50  Overlord  
  170  7:51  Overlord  
  170  8:02  Roach x7  
  172  8:08  Roach  
  172  8:09  Roach x3  
  164  8:14  Roach x3  
  164  8:18  Roach x3  
  168  8:22  Roach x2  
  159  8:35  Roach x7  
  145  8:43  Roach x3  
  145  8:47  Roach x15  
  145  8:48  Roach x4  
  151  8:53  Ravager x3  
  151  8:55  Ravager, Roach x3  
  159  9:03  Roach x4  
  159  9:06  Roach x5  
  159  9:08  Roach x2  
  159  9:09  Roach  
  173  9:11  Roach  
  173  9:12  Roach x2  
  173  9:13  Roach x2  
  177  9:21  Roach x5  
  186  9:30  Roach x5  
  192  9:32  Queen  
  195  9:38  Drone x2  
  195  9:42  Roach x2  
  195  9:44  Roach  
  200  9:54  Roach x3  
  200  9:57  Spine Crawler  
  200  9:58  Spine Crawler  
  198  10:02  Ravager x2  
  198  10:03  Ravager  
  200  10:07  Unknown x4  
  200  10:08  Unknown x4  
Show
View Real Time Build Order
Export as new Build Order

Rogue Zerg 

Build Orders: 3 Hatch before Pool 

Get SALT Encoding   

  12  0:01  Drone  
  13  0:12  Overlord  
  13  0:17  Drone  
  14  0:30  Drone x2  
  14  0:34  Drone  
  17  0:51  Hatchery  
  17  0:54  Drone  
  17  1:16  Hatchery  
  17  1:18  Drone  
  17  1:20  Drone  
  18  1:33  Extractor  
  18  1:35  Spawning Pool  
  18  1:38  Drone  
  17  1:41  Drone  
  17  1:45  Drone  
  19  1:51  Drone  
  20  2:02  Drone  
  20  2:03  Drone  
  22  2:13  Drone  
  22  2:14  Drone  
  24  2:21  Queen  
  24  2:22  Queen  
  28  2:28  Queen  
  30  2:33  Metabolic Boost  
  30  2:36  Drone  
  31  2:38  Drone  
  31  2:42  Overlord  
  32  2:45  Drone  
  32  2:49  Drone  
  34  2:54  Overlord  
  34  3:01  Zergling x2  
  34  3:02  Drone x3  
  38  3:07  Evolution Chamber  
  37  3:13  Drone x3  
  37  3:14  Drone  
  41  3:23  Overlord  
  41  3:27  Zergling x8  
  41  3:29  Zergling x2  
  41  3:30  Zergling x2  
  41  3:33  Zergling x4  
  49  3:35  Zergling x2  
  50  3:41  Zerg Ground Armor Level 1  
  50  3:44  Drone x2  
  50  3:46  Zergling x2  
  53  3:48  Zergling x2  
  53  3:52  Drone x2  
  56  4:03  Hatchery  
  56  4:06  Drone  
  56  4:07  Drone x2  
  58  4:17  Roach Warren  
  58  4:20  Overlord, Zergling x2  
  58  4:21  Overlord  
  58  4:26  Lair  
  58  4:27  Extractor x2  
  58  4:30  Drone x2  
  58  4:32  Overlord  
  58  4:40  Drone x5  
  58  4:45  Drone x2  
  64  4:57  Roach x4  
  64  4:58  Roach  
  74  5:01  Drone x3  
  74  5:02  Drone  
  74  5:05  Drone x2  
  80  5:10  Overlord  
  80  5:13  Drone x2  
  82  5:17  Overlord  
  82  5:24  Drone x4  
  82  5:25  Overlord  
  86  5:33  Drone x6  
  86  5:35  Glial Reconstitution  
  89  5:39  Overseer  
  89  5:43  Drone x2  
  89  5:44  Drone x3  
  89  5:45  Extractor x2, Overseer  
  89  5:48  Zerg Missile Weapons Level 1  
  92  5:54  Roach x2  
  92  5:55  Roach  
  98  5:59  Roach x3  
  103  6:05  Roach x2  
  103  6:06  Unknown  
  106  6:12  Drone x2, Extractor  
  106  6:13  Overlord  
  106  6:16  Overlord  
  107  6:21  Hatchery  
  106  6:29  Pneumatized Carapace  
  106  6:31  Roach x6  
  106  6:32  Roach  
  120  6:38  Overlord x4  
  120  6:46  Drone  
  121  6:47  Evolution Chamber  
  121  6:49  Roach  
  121  6:50  Roach x3  
  121  6:52  Overlord  
  128  7:02  Roach x6  
  128  7:04  Overlord  
  140  7:09  Drone  
  140  7:11  Spore Crawler  
  140  7:16  Roach x4  
  140  7:17  Roach x2  
  152  7:25  Roach  
  152  7:26  Roach x4  
  152  7:28  Ravager x2  
  152  7:29  Ravager x4  
  168  7:30  Overlord  
  170  7:37  Roach x4  
  170  7:39  Overlord  
  176  7:44  Zerg Missile Weapons Level 2  
  175  7:52  Roach x2  
  175  7:53  Roach x4  
  175  7:55  Drone  
  175  7:56  Drone  
  172  8:09  Roach  
  172  8:10  Roach x8  
  172  8:16  Roach x3  
  172  8:17  Roach  
  172  8:18  Roach  
  182  8:20  Roach  
  182  8:25  Roach  
  183  8:34  Roach x5  
  175  8:37  Roach x2  
  175  8:40  Roach  
  175  8:41  Roach  
  161  8:42  Roach  
  161  8:43  Roach  
  161  8:44  Drone  
  161  8:45  Drone x2  
  151  8:49  Drone  
  151  8:50  Drone x2  
  150  8:56  Burrow, Tunneling Claws  
  150  9:00  Roach x3  
  150  9:02  Roach  
  158  9:04  Roach  
  158  9:07  Overseer x2  
  157  9:13  Roach  
  157  9:14  Roach x3  
  157  9:17  Roach  
  162  9:19  Roach  
  162  9:23  Roach  
  166  9:26  Roach  
  166  9:29  Drone x3  
  159  9:34  Overseer  
  159  9:38  Extractor x2, Spine Crawler  
  153  9:39  Overseer x2  
  153  9:42  Drone x2  
  153  9:44  Drone x2  
  153  9:46  Ravager x3  
  156  9:54  Roach x3  
  156  9:55  Roach  
  164  10:03  Roach x5  
  172  10:08  Roach x2  
  172  10:09  Roach  
  172  10:12  Roach x2  
Tags
 
Add a new tag
Caveats
  • Supply blocks, unpowered buildings, or Contaminate may cause inaccurate times.
  • Supply counts are checked every 10 seconds.